Map: Dusk Towers

Players

SortOf

  • Race: Zerg Zerg

Nerchio - Winner!

  • Race: Zerg Zerg

Event: 2016 WCS Winter Circuit Championship

VOD

Have the link to the VOD?

Description

Time

  • Played on: March 3, 2016, 12:35 p.m.
  • Length: 11:01

All games in this series

Show
View Real Time Build Order
Export as new Build Order

SortOf Zerg 

Build Orders: Hatch First 

Get SALT Encoding   

  12  0:00  Drone  
  13  0:13  Overlord  
  13  0:17  Drone  
  14  0:32  Drone x2  
  16  0:35  Drone  
  17  0:46  Drone  
  18  0:54  Hatchery  
  17  0:57  Drone  
  17  1:01  Extractor  
  17  1:07  Drone  
  18  1:15  Spawning Pool  
  18  1:18  Drone  
  18  1:29  Drone  
  19  1:40  Overlord  
  19  1:51  Drone  
  20  2:02  Queen  
  20  2:03  Zergling x2  
  20  2:07  Drone, Queen  
  26  2:11  Metabolic Boost  
  26  2:13  Drone  
  27  2:17  Drone  
  28  2:25  Drone  
  28  2:29  Drone  
  30  2:31  Baneling Nest  
  30  2:34  Drone  
  30  2:46  Drone x2  
  33  2:51  Drone  
  33  2:59  Drone  
  33  3:03  Hatchery, Drone  
  33  3:08  Overlord  
  33  3:13  Drone  
  33  3:16  Zergling x2  
  33  3:18  Overlord  
  35  3:22  Spine Crawler  
  35  3:24  Zergling x2  
  36  3:27  Zergling x10  
  36  3:29  Zergling x2  
  42  3:41  Drone  
  42  3:43  Drone, Roach Warren  
  42  3:52  Drone  
  42  3:53  Drone  
  42  3:54  Queen, Drone x3  
  49  3:58  Drone x2  
  49  4:01  Drone  
  51  4:05  Baneling  
  51  4:16  Overlord  
  51  4:21  Drone x3  
  54  4:25  Extractor x2, Lair  
  54  4:26  Roach  
  54  4:27  Roach  
  54  4:28  Overlord  
  54  4:30  Evolution Chamber  
  55  4:31  Drone  
  55  4:32  Drone  
  55  4:37  Overlord  
  55  4:38  Overlord  
  57  4:41  Roach  
  57  4:43  Drone x2  
  61  4:46  Roach  
  61  4:49  Roach  
  61  4:52  Drone, Roach  
  68  4:58  Zerg Missile Weapons Level 1  
  68  4:59  Drone x3  
  71  5:01  Drone  
  71  5:05  Drone x2  
  74  5:09  Drone x3  
  74  5:12  Drone  
  78  5:15  Extractor  
  78  5:16  Drone x2, Extractor  
  78  5:20  Roach x2  
  78  5:21  Ravager  
  83  5:23  Overlord  
  83  5:27  Overlord  
  84  5:30  Glial Reconstitution  
  84  5:31  Roach  
  84  5:34  Overseer  
  86  5:35  Overlord  
  86  5:37  Roach  
  86  5:39  Roach  
  89  5:44  Extractor x2  
  89  5:45  Roach  
  89  5:46  Roach x2  
  93  5:53  Roach x3  
  93  5:54  Drone x2  
  98  5:58  Drone  
  98  6:03  Drone x2  
  98  6:04  Drone  
  98  6:05  Drone x5  
  98  6:09  Hydralisk Den  
  103  6:17  Overlord  
  103  6:19  Overlord  
  103  6:25  Drone x2  
  105  6:34  Overlord  
  105  6:39  Muscular Augments, Hydralisk x3  
  111  6:42  Overseer  
  111  6:44  Spore Crawler  
  110  6:47  Hatchery, Hydralisk  
  110  6:48  Spore Crawler  
  110  6:49  Spore Crawler  
  110  6:50  Hydralisk  
  111  6:55  Drone x2  
  111  6:56  Drone  
  111  6:57  Drone  
  111  6:58  Hydralisk  
  118  7:04  Hydralisk x2  
  118  7:05  Hydralisk x3  
  127  7:10  Ravager x2  
  127  7:15  Spore Crawler  
  128  7:17  Drone, Overlord  
  128  7:21  Overlord  
  129  7:24  Overlord  
  129  7:27  Overlord  
  129  7:28  Overlord x2  
  129  7:40  Hydralisk x4  
  129  7:42  Overlord  
  129  7:43  Hydralisk x3  
  143  7:51  Hydralisk x3  
  143  7:52  Hydralisk  
  143  7:55  Roach  
  143  7:56  Roach  
  155  7:58  Overlord  
  155  8:00  Roach  
  155  8:02  Roach  
  155  8:03  Ravager x3  
  162  8:07  Roach  
  162  8:09  Roach  
  159  8:15  Hydralisk x2  
  159  8:18  Hydralisk x3  
  165  8:22  Hydralisk  
  165  8:23  Hydralisk  
  169  8:29  Roach x3  
  174  8:37  Roach x2  
  174  8:38  Roach  
  177  8:43  Roach  
  169  8:50  Roach x5  
  169  8:55  Roach x2  
  181  8:58  Roach  
  177  9:03  Roach  
  177  9:05  Roach  
  177  9:07  Roach  
  177  9:09  Roach  
  147  9:11  Roach  
  147  9:16  Roach  
  130  9:20  Roach  
  130  9:21  Roach  
Show
View Real Time Build Order
Export as new Build Order

Nerchio Zerg - Winner!

Build Orders: Hatch First 

Get SALT Encoding   

  12  0:00  Drone  
  13  0:12  Overlord  
  13  0:17  Drone  
  14  0:30  Drone x2  
  14  0:34  Drone  
  17  0:54  Hatchery  
  17  0:55  Drone  
  17  0:57  Drone  
  17  1:02  Extractor  
  17  1:13  Spawning Pool  
  17  1:17  Drone  
  17  1:20  Drone  
  18  1:28  Drone  
  19  1:39  Overlord  
  19  2:00  Queen, Zergling x2  
  19  2:01  Drone  
  23  2:03  Metabolic Boost  
  23  2:05  Queen  
  26  2:08  Drone  
  26  2:11  Drone  
  27  2:17  Drone  
  28  2:23  Drone  
  28  2:27  Drone  
  30  2:34  Drone  
  31  2:39  Drone  
  32  2:45  Hatchery  
  32  2:47  Zergling x2  
  32  2:49  Zergling x2  
  32  2:54  Overlord  
  32  3:01  Zergling x2  
  33  3:12  Drone x5  
  38  3:18  Drone x2  
  40  3:23  Drone  
  40  3:26  Roach Warren  
  40  3:28  Queen  
  40  3:32  Overlord  
  42  3:39  Zergling x4  
  43  3:41  Overlord  
  42  3:49  Zergling x2  
  43  3:57  Zergling x4  
  44  4:05  Roach  
  44  4:06  Roach x4  
  44  4:09  Roach  
  56  4:13  Extractor  
  55  4:22  Drone x4  
  55  4:23  Drone x2  
  62  4:24  Drone x2  
  62  4:25  Lair  
  63  4:31  Drone x2  
  65  4:40  Overlord  
  65  4:41  Drone  
  65  4:43  Overlord x2  
  66  4:48  Extractor  
  66  4:49  Overlord  
  65  4:58  Overlord  
  65  4:59  Drone x3  
  69  5:00  Extractor, Drone  
  69  5:06  Drone x2  
  70  5:09  Drone  
  70  5:10  Extractor  
  70  5:14  Drone  
  71  5:15  Drone  
  71  5:18  Drone x3  
  71  5:20  Drone x4  
  79  5:22  Drone  
  79  5:24  Drone  
  81  5:32  Drone, Spire  
  81  5:35  Extractor, Drone  
  82  5:36  Drone  
  82  5:37  Drone  
  82  5:42  Evolution Chamber  
  82  5:43  Glial Reconstitution  
  82  5:47  Drone x2  
  82  5:48  Drone x2  
  82  5:49  Drone  
  86  5:51  Drone  
  86  5:52  Drone  
  86  5:55  Overlord  
  86  5:56  Overseer  
  88  6:00  Roach  
  88  6:01  Roach  
  94  6:04  Roach x2  
  94  6:08  Overlord  
  94  6:09  Roach  
  98  6:11  Roach  
  100  6:24  Overlord  
  100  6:32  Roach x3  
  106  6:34  Roach  
  108  6:46  Mutalisk x10  
  128  6:54  Overlord x2  
  128  6:56  Overlord  
  128  6:58  Overlord  
  128  7:03  Overlord  
  128  7:04  Hatchery  
  123  7:10  Zerg Flyer Armor Level 1  
  123  7:12  Mutalisk  
  123  7:13  Mutalisk x2  
  129  7:17  Drone  
  129  7:18  Drone x2  
  132  7:31  Extractor  
  132  7:36  Extractor  
  130  7:41  Roach  
  130  7:42  Roach x12  
  130  7:43  Hydralisk Den, Roach  
  157  7:44  Roach  
  157  7:48  Zerg Missile Weapons Level 1  
  157  7:49  Roach  
  157  7:51  Roach  
  163  7:57  Overlord  
  163  7:58  Overlord x2  
  163  8:01  Evolution Chamber  
  163  8:05  Ravager x3  
  163  8:13  Roach  
  163  8:14  Roach x3  
  163  8:15  Overlord  
  163  8:19  Ravager x2  
  165  8:21  Overlord, Roach  
  165  8:26  Roach x3  
  173  8:27  Roach  
  173  8:30  Roach  
  173  8:31  Roach  
  173  8:32  Roach  
  181  8:35  Roach  
  181  8:36  Roach  
  181  8:38  Roach  
  181  8:40  Roach  
  187  8:45  Roach  
  187  8:46  Roach  
  179  8:48  Roach  
  179  8:49  Roach  
  179  8:50  Roach  
  179  8:52  Ravager x2  
  179  8:55  Roach  
  179  8:56  Roach  
  179  8:57  Roach  
  179  8:59  Roach  
  179  9:03  Roach  
  179  9:05  Roach  
  179  9:06  Roach  
  179  9:07  Roach  
  179  9:09  Roach  
  155  9:11  Roach  
  155  9:13  Roach  
  155  9:14  Roach  
  148  9:17  Roach  
  148  9:18  Roach  
  148  9:20  Roach  
  148  9:22  Roach  
Tags
 
Add a new tag
Caveats
  • Supply blocks, unpowered buildings, or Contaminate may cause inaccurate times.
  • Supply counts are checked every 10 seconds.